 Dungeon Crawl Stone Soup version 0.30-a0-169-g06f667207d (webtiles) character file.

Game seed: 1667288745479490893

18155 qw the Cleaver (level 12, -17/75 HPs)
             Began as a Gargoyle Fighter on Sept 30, 2022.
             Was a High Priest of Okawaru.
             Killed from afar by an oklob plant (24 damage)
             ... with a splash of acid
             ... on level 1 of the Lair of Beasts.
             The game lasted 00:05:31 (14478 turns).

qw the Cleaver (Gargoyle Fighter)                  Turns: 14478, Time: 00:05:32

Health: -17/75     AC: 26    Str: 25    XL:     12   Next: 55%
Magic:  13/19      EV:  9    Int:  9    God:    Okawaru [*****.]
Gold:   464        SH: 14    Dex:  9    Spells: 11/11 levels left

rFire   + + .      SeeInvis .    h - +1 broad axe (pain)
rCold   + + .      Faith    .    f - +2 shield of Resistance {rF++ rC++ Will++}
rNeg    + + .      Spirit   .    b - +0 plate armour
rPois   inf        Reflect  .    c - +1 helmet
rElec   +          Harm     .    k - +0 cloak
rCorr   .          Rampage  .    o - +0 pair of gloves
Will    +++..                    (no boots)
Stlth   ..........               (no amulet)
HPRegen 0.22/turn                r - ring of positive energy
MPRegen 0.16/turn                x - ring of willpower

@: about to teleport, heroic, finesse-ful, corroded, very slow
A: sickness immunity, AC +8, negative energy resistance 1, electricity
resistance, torment resistance 1, petrification resistance
a: Renounce Religion, Heroism, Finesse, Duel


You were on level 1 of the Lair of Beasts.
You worshipped Okawaru.
Okawaru was extremely pleased with you.
You visited 3 branches of the dungeon, and saw 15 of its levels.
You also visited: Ossuary.

You collected 868 gold pieces.
You spent 404 gold pieces at shops.


Innate Abilities, Weirdness & Mutations

You are immune to sickness and miasma.
Your stone body is resilient. (AC +8)
You are immune to poison.
You resist negative energy. (rN+)
You are resistant to electric shocks. (rElec)
You are resistant to unholy torment.
You are immune to petrification.


   Skills:
 + Level 8.5(13.5) Fighting
 - Level 11.0(16.0) Axes
 - Level 4.0(9.0) Throwing
 - Level 8.0(13.0) Armour
 - Level 3.0(8.0) Dodging
 - Level 10.0(15.0) Shields
 + Level 9.4 Invocations


You had 11 spell levels left.
You didn't know any spells.
Your spell library was empty.

Inventory:

Hand Weapons
 h - a +1 broad axe of pain (weapon)
 w - a +6 morningstar of protection
Missiles
 q - 3 boomerangs (quivered)
 y - a javelin
 z - a silver javelin
Armour
 b - a +0 plate armour (worn)
 c - a +1 helmet (worn)
 f - the +2 shield of Resistance (worn) {rF++ rC++ Will++}
   (You acquired it on level 4 of the Dungeon)

   rF:        It greatly protects you from fire.
   rC:        It greatly protects you from cold.
   Will:      It greatly increases your willpower.
 k - a +0 cloak (worn)
 m - the +4 chain mail "Yqiq" {Harm Rampage Regen+}
   (You found it on level 6 of the Dungeon)

   Regen:     It increases your rate of health regeneration.
   Harm:      It increases damage dealt and taken.
   Rampage:   It bestows one free step when moving towards enemies.
 o - a +0 pair of gloves (worn)
 t - +0 acid dragon scales
Jewellery
 r - a ring of positive energy (left hand)
 x - a ring of willpower (right hand)
Scrolls
 a - 7 scrolls of identify
 n - 3 scrolls of teleportation
 v - a scroll of silence {unknown}
Potions
 d - 6 potions of might
 e - 6 potions of resistance
 g - 4 potions of mutation
 i - 3 potions of cancellation
 j - 9 potions of haste
 l - 4 potions of curing
 p - a potion of magic
 s - 2 potions of attraction
 u - 5 potions of heal wounds

Dungeon Overview and Level Annotations

Branches:
Dungeon (13/15)            Temple (1/1) D:5            Lair (1/5) D:11
    Orc (0/2) D:9         Ossuary (visited)
 Vaults: D:13-14

Altars:
Ashenzari
Cheibriados
Dithmenos
Elyvilon
Fedhas
Gozag
Hepliaklqana
Kikubaaqudgha
Makhleb
Nemelex Xobeh
Okawaru
Qazlal
Ru
Sif Muna
Trog
Uskayaw
Vehumet
Wu Jian
Xom
Yredelemnul
Zin
The Shining One

Shops:
D:2 =   D:10 ((:

Annotations:
D:3 1 runed translucent door, Crazy Yiuf
D:4 2 transporters
D:11 3 runed translucent doors, bande's ghost, journeyman GrFi


Message History

Your unstable footing causes you to fumble your attack.
The oklob plant spits acid at you. The splash of acid hits you!!
The acid corrodes you!
You slash the oklob plant!
The oklob plant is lightly damaged.
You hit the oklob plant but do no damage.
You slash the oklob plant!
The oklob plant is moderately damaged.
You slash the oklob plant!
Your unstable footing causes you to fumble your attack.
You slash the oklob plant!
The oklob plant is heavily damaged.
You hit the oklob plant. You slash the oklob plant!
The oklob plant is severely damaged.
You slash the oklob plant! You hit the oklob plant.
The oklob plant is severely damaged.
You hit the oklob plant.
You hit the oklob plant but do no damage.
The oklob plant is severely damaged.
You hit the oklob plant but do no damage.
You hit the oklob plant.
The oklob plant is almost destroyed.
You slash the oklob plant! You slash the oklob plant!
You destroy the oklob plant!
Okawaru accepts your kill.
You hit the oklob plant.
Your unstable footing causes you to fumble your attack.
You hit the oklob plant but do no damage.
The oklob plant is severely damaged.
The oklob plant spits acid at you. The splash of acid hits you!!
14478 ||| READING 4 scrolls of teleportation.
As you read the scroll of teleportation, it crumbles to dust.
You feel strangely unstable. The oklob plant spits acid at you.
The splash of acid hits you!!
You die...

.#.......# #~~~~~~#..~~~~~~~~~...
.........# #~....~#..~~~~~~~.....
.#.......###......#....~..~~.....
.##......#).......#..............
###......#=.......%..............
.##......#!.......#..............
.........###......#..............
.........# #~....~#..............
.........# #~~~~@~#..............
.........# #....P.#..............
.........##########..............
.#.....................##..##....
##....................%##.##.....
##....................%....##....
......................##...##....
#.....................##....#....
##....................#....##....


You could see an oklob plant.

Vanquished Creatures
  Erolcha (D:11)
  A boulder beetle (D:13)
  2 two-headed ogres (D:11)
  Amaemon (D:9)
  A deep elf pyromancer (D:13)
  An oklob plant (Lair:1)
  Maurice (D:10)
  5 centaur zombies (D:10)
  A black mamba (Lair:1)
  3 elephants (Lair:1)
  An orange demon (D:9)
  Maggie (D:8)
  3 komodo dragons
  A polar bear (Lair:1)
  2 trolls (D:9)
  Sigmund (D:6)
  A vampire (D:10)
  2 wyverns
  A shadow (D:10)
  A basilisk (D:11)
  14 yaks
  4 vampire mosquitoes (D:11)
  Menkaure (D:5)
  2 wargs (D:9)
  4 acid dragons
  4 water moccasins
  5 orc warriors
  A swamp drake (D:11)
  A sky beast (D:6)
  2 black bears
  An ice beast (D:8)
  2 centaurs
  3 kobold brigands
  5 bullfrogs
  2 water moccasin zombies (Ossuary)
  5 necrophages
  2 scorpions (D:6)
  10 wights
  9 killer bees (D:10)
  A howler monkey (D:8)
  A crimson imp (D:6)
  6 hounds
  9 orc priests
  A jelly (D:6)
  A human zombie (D:10)
  A gnoll bouda (D:7)
  3 iguanas
  15 orc wizards
  3 mummies
  A howler monkey zombie (D:10)
  13 gnolls
  12 adders
  A river rat (D:6)
  A shadow imp (D:6)
  A white imp (D:7)
  An ufetubus (D:4)
  3 adder zombies (Ossuary)
  5 worms
  2 dart slugs (D:2)
  50 orcs
  6 ball pythons
  3 bats
  5 endoplasms
  4 giant cockroaches
  4 gnoll zombies (Ossuary)
  8 goblins
  10 hobgoblins
  4 jackals (D:3)
  15 kobolds
  3 quokkas
  2 frilled lizards (D:1)
  5 hobgoblin zombies (Ossuary)
  5 kobold zombies (Ossuary)
  An orc zombie (Ossuary)
  4 rats
318 creatures vanquished.

Vanquished Creatures (others)
  5 fungi
  9 plants (Lair:1)
14 creatures vanquished.

Grand Total: 332 creatures vanquished

Notes
Turn   | Place    | Note
-------+----------+-------------------------------------------
     0 | D:1      | qw the Gargoyle Fighter began the quest for the Orb.
     0 | D:1      | Reached XP level 1. HP: 14/14 MP: 1/1
     0 | D:1      | 0 ||| qw: Version: 0.2-a-12-gaebbb33
     0 | D:1      | 0 ||| qw: Game counter: 1409
     0 | D:1      | 0 ||| qw: Always use a shield: true
     0 | D:1      | 0 ||| qw: God list: Okawaru
     0 | D:1      | 0 ||| qw: Allow faded altars: false
     0 | D:1      | 0 ||| qw: Do Orc after D:15 true
     0 | D:1      | 0 ||| qw: Do second Lair branch before Depths: true
     0 | D:1      | 0 ||| qw: Lair rune preference: random
     0 | D:1      | 0 ||| qw: Plans: Normal, Zot:1-4, God:TSO, Crypt, Tomb,
                  | Pan, Slime:5, Hells, Abyss, Orb
     0 | D:1      | 0 ||| PLANNING D:1-11
    44 | D:1      | Reached skill level 2 in Axes
    84 | D:1      | Reached XP level 2. HP: 7/19 MP: 2/2
   327 | D:1      | 327 ||| Stepping ~*~*~tactically~*~*~ (stealth).
   331 | D:1      | 331 ||| Stepping ~*~*~tactically~*~*~ (stealth).
   543 | D:1      | 543 ||| Stepping ~*~*~tactically~*~*~ (stealth).
   557 | D:1      | 557 ||| Stepping ~*~*~tactically~*~*~ (stealth).
   662 | D:1      | Reached skill level 3 in Axes
   758 | D:1      | 758 ||| READING 2 scrolls labelled HIETIU NYGIOGREOW.
   759 | D:1      | 759 ||| READING scroll labelled XEGEONAYSEX.
   760 | D:1      | 760 ||| READING scroll labelled OXINKUERHA.
   772 | D:2      | Found Fekk's Jewellery Shoppe.
   792 | D:2      | 792 ||| FLEEEEING.
   793 | D:2      | 793 ||| FLEEEEING.
   794 | D:2      | 794 ||| FLEEEEING.
   795 | D:2      | 795 ||| FLEEEEING.
   796 | D:2      | 796 ||| FLEEEEING.
   797 | D:2      | 797 ||| FLEEEEING.
   798 | D:2      | 798 ||| FLEEEEING.
   799 | D:2      | 799 ||| FLEEEEING.
   800 | D:2      | 800 ||| FLEEEEING.
   801 | D:2      | 801 ||| STAIRDANCE
   837 | D:1      | 837 ||| UPGRADING to +0 chain mail.
   847 | D:1      | 847 ||| DROPPING +0 scale mail.
   848 | D:1      | 848 ||| DRINKING 2 yellow potions.
   849 | D:1      | 849 ||| DROPPING potion of brilliance.
   855 | D:2      | Reached XP level 3. HP: 23/23 MP: 3/3
   873 | D:2      | 873 ||| SHOPLISTING +4 ring of evasion (396 gold, have 88).
   873 | D:2      | 873 ||| SHOPLISTING +6 ring of strength (396 gold, have
                  | 88).
   873 | D:2      | 873 ||| SHOPLISTING amulet of the Four Winds {rN+ Will+++
                  | Clar} (667 gold, have 88).
   873 | D:2      | 873 ||| SHOPLISTING ring of protection from cold (275 gold,
                  | have 88).
   878 | D:2      | Found a faded altar of an unknown god.
   915 | D:2      | 915 ||| DROPPING +0 club.
  1124 | D:2      | 1124 ||| Stepping ~*~*~tactically~*~*~ (hiding).
  1129 | D:2      | 1129 ||| Stepping ~*~*~tactically~*~*~ (hiding).
  1285 | D:2      | 1285 ||| Stepping ~*~*~tactically~*~*~ (stealth).
  1354 | D:2      | Identified the +6 short sword "Zefroe" {vorpal, rElec rF++
                  | Int-4}
  1370 | D:2      | 1370 ||| Stepping ~*~*~tactically~*~*~ (hiding).
  1374 | D:2      | Reached XP level 4. HP: 21/28 MP: 4/4
  1377 | D:2      | Reached skill level 4 in Axes
  1551 | D:2      | 1551 ||| Stepping ~*~*~tactically~*~*~ (stealth).
  1552 | D:2      | 1552 ||| Stepping ~*~*~tactically~*~*~ (stealth).
  1690 | D:2      | 1690 ||| Stepping ~*~*~tactically~*~*~ (stealth).
  1805 | D:2      | 1805 ||| READING 2 scrolls labelled YDIN ULO RYOZ.
  1806 | D:2      | 1806 ||| DRINKING 2 bubbling orange potions.
  1807 | D:2      | 1807 ||| READING 3 scrolls of identify.
  1807 | D:2      | 1807 ||| IDENTIFYING bubbling dark potion
  1808 | D:2      | 1808 ||| READING 2 scrolls of identify.
  1808 | D:2      | 1808 ||| IDENTIFYING murky blue potion
  1809 | D:2      | 1809 ||| DROPPING potion of magic.
  1810 | D:2      | 1810 ||| DROPPING scroll of blinking.
  1817 | D:3      | 1817 ||| Stepping ~*~*~tactically~*~*~ (stealth).
  1824 | D:3      | 1824 ||| Stepping ~*~*~tactically~*~*~ (stealth).
  1826 | D:3      | 1826 ||| STAIRDANCE
  1849 | D:3      | 1849 ||| STAIRDANCE
  1858 | D:2      | Reached XP level 5. HP: 23/32 MP: 5/5
  1961 | D:3      | 1961 ||| DROPPING +0 mace.
  2304 | D:3      | Found a runed translucent door.
  2305 | D:3      | Noticed Crazy Yiuf
  2566 | D:3      | Reached skill level 5 in Axes
  2704 | D:3      | Identified the +1 ring mail "Jieguaf" {-Cast Fly Dex+8}
  2707 | D:3      | Found a glowing silver altar of Zin.
  2798 | D:3      | 2798 ||| UPGRADING to +0 cloak.
  2803 | D:3      | 2803 ||| UPGRADING to +0 pair of gloves.
  2808 | D:3      | 2808 ||| UPGRADING to +1 ring mail "Jieguaf" {-Cast Fly
                  | Dex+8}.
  2818 | D:3      | 2818 ||| READING 2 scrolls labelled RIUBUGR BYVAHO.
  2885 | D:3      | 2885 ||| READING scroll labelled ENEMYPN CUZACI.
  2886 | D:3      | 2886 ||| READING scroll labelled SURGHI NEOTE.
  2887 | D:3      | 2887 ||| READING scroll labelled ZUOMYS XOTTEORI.
  2888 | D:3      | 2888 ||| READING 3 scrolls of identify.
  2888 | D:3      | 2888 ||| IDENTIFYING lumpy grey potion
  2889 | D:3      | 2889 ||| READING 2 scrolls of identify.
  2889 | D:3      | 2889 ||| IDENTIFYING sapphire potion
  2890 | D:3      | 2890 ||| DROPPING potion of invisibility.
  2920 | D:4      | 2920 ||| STAIRDANCE
  3003 | D:4      | 3003 ||| Stepping ~*~*~tactically~*~*~ (stealth).
  3027 | D:4      | Reached skill level 1 in Dodging
  3032 | D:4      | Reached XP level 6. HP: 30/38 MP: 6/6
  3274 | D:4      | Found a transporter.
  3292 | D:4      | Found a transporter.
  3369 | D:4      | 3369 ||| READING scroll of enchant weapon.
  3369 | D:4      | 3369 ||| ENCHANTING +1 war axe.
  3539 | D:4      | 3539 ||| READING scroll labelled YBYIST URAPIM.
  3540 | D:4      | 3540 ||| READING scroll labelled XIKLAV NEQURIU.
  3540 | D:4      | Identified a scroll of acquirement
  3540 | D:4      | 3540 ||| ACQUIRING +2 shield of Resistance {rF++ rC++
                  | Will++}
  3540 | D:4      | Acquired the +2 shield of Resistance {rF++ rC++ Will++}
  3540 | D:4      | Found the +2 shield of Resistance {rF++ rC++ Will++}
  3542 | D:4      | 3542 ||| UPGRADING to +2 shield of Resistance {rF++ rC++
                  | Will++}.
  3552 | D:4      | 3552 ||| DROPPING +0 buckler.
  3553 | D:4      | 3553 ||| DRINKING 2 metallic puce potions.
  3565 | D:5      | Entered Level 5 of the Dungeon
  3566 | D:5      | 3566 ||| PLANNING OSSUARY
  3568 | D:5      | 3568 ||| STAIRDANCE
  3617 | D:5      | Found a shimmering altar of Xom.
  3684 | D:5      | 3684 ||| Stepping ~*~*~tactically~*~*~ (hiding).
  3733 | D:5      | 3733 ||| FLEEEEING.
  3740 | D:5      | Noticed a black bear
  3741 | D:5      | 3741 ||| FLEEEEING.
  3742 | D:5      | 3742 ||| FLEEEEING.
  3743 | D:5      | 3743 ||| STAIRDANCE
  3813 | D:4      | 3813 ||| READING scroll labelled ZESIYTH HEPPOCH.
  3814 | D:4      | 3814 ||| READING 2 scrolls of identify.
  3814 | D:4      | 3814 ||| IDENTIFYING bubbling cyan potion
  3819 | D:5      | Killed a black bear
  3820 | D:5      | Reached XP level 7. HP: 39/43 MP: 7/7
  3884 | D:5      | 3884 ||| Stepping ~*~*~tactically~*~*~ (stealth).
  3940 | D:5      | Found a staircase to the Ecumenical Temple.
  3973 | D:5      | 3973 ||| Stepping ~*~*~tactically~*~*~ (stealth).
  3990 | D:5      | Found a white marble altar of Elyvilon.
  4012 | D:5      | Found a sand-covered staircase.
  4013 | D:5      | 4013 ||| UPGRADING to +1 helmet.
  4018 | D:5      | 4018 ||| DRINKING 2 black potions.
  4019 | D:5      | 4019 ||| READING 2 scrolls of identify.
  4019 | D:5      | 4019 ||| IDENTIFYING fuming puce potion
  4020 | D:5      | 4020 ||| DROPPING potion of degeneration.
  4021 | D:5      | 4021 ||| DROPPING potion of flight.
  4026 | Ossuary  | Entered an ossuary
  4120 | Ossuary  | Reached skill level 6 in Axes
  4258 | Ossuary  | 4258 ||| READING scroll labelled ETTIESHYA.
  4259 | Ossuary  | 4259 ||| READING scroll labelled OMUATU HOWK.
  4260 | Ossuary  | 4260 ||| DRINKING 2 fuming pink potions.
  4361 | Ossuary  | 4361 ||| DROPPING potion of ambrosia.
  4367 | D:5      | 4367 ||| PLANNING TEMPLE
  4387 | Temple   | Entered the Ecumenical Temple
  4498 | Temple   | 4498 ||| PLANNING D:1-11
  4579 | D:5      | Found an iron altar of Okawaru.
  4580 | D:5      | 4580 ||| PLANNING OKAWARU WORSHIP
  4587 | D:5      | Became a worshipper of Warmaster Okawaru
  4588 | D:5      | 4588 ||| PLANNING D:1-11
  4661 | D:5      | Noticed Menkaure
  4667 | D:5      | Killed Menkaure
  4668 | D:5      | Reached skill level 6 in Shields
  4773 | D:5      | Noticed a hornet
  4834 | D:5      | 4834 ||| DROPPING +1 hat.
  4888 | D:6      | 4888 ||| PLANNING SEWER
  4894 | D:6      | Reached XP level 8. HP: 48/48 MP: 8/8
  4910 | D:6      | Reached skill level 3 in Dodging
  5021 | D:6      | Identified the +4 chain mail "Yqiq" {Harm Rampage Regen+}
  5039 | D:6      | 5039 ||| Stepping ~*~*~tactically~*~*~ (hiding).
  5059 | D:6      | 5059 ||| Stepping ~*~*~tactically~*~*~ (hiding).
  5089 | D:6      | Reached * piety under Okawaru
  5090 | D:6      | Reached skill level 7 in Axes
  5104 | D:6      | 5104 ||| DROPPING +0 flail.
  5127 | D:6      | 5127 ||| Stepping ~*~*~tactically~*~*~ (stealth).
  5173 | D:6      | 5173 ||| Stepping ~*~*~tactically~*~*~ (stealth).
  5175 | D:6      | 5175 ||| INVOKING Heroism.
  5183 | D:6      | Noticed Sigmund
  5185 | D:6      | 5185 ||| INVOKING Heroism.
  5190 | D:6      | Reached skill level 1 in Invocations
  5193 | D:6      | Killed Sigmund
  5194 | D:6      | 5194 ||| Stepping ~*~*~tactically~*~*~ (stealth).
  5215 | D:6      | 5215 ||| Stepping ~*~*~tactically~*~*~ (stealth).
  5243 | D:6      | 5243 ||| Stepping ~*~*~tactically~*~*~ (stealth).
  5257 | D:6      | Reached skill level 3 in Invocations
  5257 | D:6      | Reached XP level 9. HP: 51/54 MP: 11/11
  5295 | D:6      | Found a burning altar of Makhleb.
  5297 | D:6      | 5297 ||| Stepping ~*~*~tactically~*~*~ (hiding).
  5445 | D:6      | 5445 ||| INVOKING Heroism.
  5449 | D:6      | 5449 ||| Stepping ~*~*~tactically~*~*~ (stealth).
  5519 | D:6      | 5519 ||| RIP SEWER
  5544 | D:6      | 5544 ||| PLANNING D:1-11
  5604 | D:6      | 5604 ||| Stepping ~*~*~tactically~*~*~ (stealth).
  5605 | D:6      | 5605 ||| Stepping ~*~*~tactically~*~*~ (stealth).
  5610 | D:6      | 5610 ||| Stepping ~*~*~tactically~*~*~ (stealth).
  5611 | D:6      | 5611 ||| Stepping ~*~*~tactically~*~*~ (stealth).
  5683 | D:6      | 5683 ||| INVOKING Heroism.
  5841 | D:6      | 5841 ||| INVOKING Heroism.
  5844 | D:6      | Reached skill level 1 in Throwing
  5953 | D:6      | 5953 ||| UPGRADING to +0 plate armour.
  5963 | D:6      | 5963 ||| DROPPING +0 chain mail.
  5964 | D:6      | 5964 ||| DROPPING +1 ring mail "Jieguaf" {-Cast Fly Dex+8}.
  5965 | D:6      | 5965 ||| UPGRADING to ring of positive energy.
  5966 | D:6      | 5966 ||| READING 2 scrolls of identify.
  5966 | D:6      | 5966 ||| IDENTIFYING glowing sapphire potion
  6050 | D:7      | 6050 ||| Stepping ~*~*~tactically~*~*~ (hiding).
  6051 | D:7      | 6051 ||| Stepping ~*~*~tactically~*~*~ (hiding).
  6607 | D:7      | 6607 ||| INVOKING Heroism.
  6712 | D:7      | 6712 ||| Stepping ~*~*~tactically~*~*~ (hiding).
  6714 | D:7      | 6714 ||| Stepping ~*~*~tactically~*~*~ (hiding).
  6718 | D:7      | 6718 ||| INVOKING Heroism.
  6815 | D:7      | 6815 ||| Stepping ~*~*~tactically~*~*~ (hiding).
  6817 | D:7      | 6817 ||| Stepping ~*~*~tactically~*~*~ (hiding).
  6974 | D:7      | Found an ornate altar of the Wu Jian Council.
  7386 | D:8      | 7386 ||| Stepping ~*~*~tactically~*~*~ (hiding).
  7404 | D:8      | 7404 ||| Stepping ~*~*~tactically~*~*~ (stealth).
  7451 | D:8      | Reached skill level 8 in Axes
  7517 | D:8      | 7517 ||| INVOKING Heroism.
  7519 | D:8      | Reached skill level 6 in Fighting
  7667 | D:8      | 7667 ||| Stepping ~*~*~tactically~*~*~ (stealth).
  7669 | D:8      | 7669 ||| Stepping ~*~*~tactically~*~*~ (hiding).
  7755 | D:8      | Reached ** piety under Okawaru
  7893 | D:8      | 7893 ||| Stepping ~*~*~tactically~*~*~ (stealth).
  7896 | D:8      | 7896 ||| INVOKING Heroism.
  7902 | D:8      | Noticed Maggie
  7904 | D:8      | 7904 ||| Stepping ~*~*~tactically~*~*~ (hiding).
  7905 | D:8      | 7905 ||| Stepping ~*~*~tactically~*~*~ (hiding).
  7916 | D:8      | Killed Maggie
  7917 | D:8      | Reached XP level 10. HP: 59/60 MP: 13/13
  7921 | D:8      | 7921 ||| SWAPPING to +1 broad axe of pain.
  7922 | D:8      | 7922 ||| DROPPING +2 vorpal war axe.
  8320 | D:8      | 8320 ||| DROPPING scarf of harm.
  8506 | D:9      | Found a shimmering blue altar of Sif Muna.
  8599 | D:9      | 8599 ||| INVOKING Heroism.
  8608 | D:9      | Reached skill level 9 in Axes
  8655 | D:9      | 8655 ||| INVOKING Heroism.
  8705 | D:9      | 8705 ||| Stepping ~*~*~tactically~*~*~ (hiding).
  8712 | D:9      | 8712 ||| INVOKING Heroism.
  8902 | D:9      | 8902 ||| Stepping ~*~*~tactically~*~*~ (stealth).
  8905 | D:9      | 8905 ||| FLEEEEING.
  8906 | D:9      | 8906 ||| FLEEEEING.
  8907 | D:9      | 8907 ||| FLEEEEING.
  8909 | D:9      | 8909 ||| FLEEEEING.
  8915 | D:9      | 8915 ||| FLEEEEING.
  8916 | D:9      | 8916 ||| FLEEEEING.
  8920 | D:9      | 8920 ||| FLEEEEING.
  8921 | D:9      | 8921 ||| FLEEEEING.
  8922 | D:9      | 8922 ||| FLEEEEING.
  8923 | D:9      | 8923 ||| FLEEEEING.
  8924 | D:9      | 8924 ||| FLEEEEING.
  8925 | D:9      | 8925 ||| FLEEEEING.
  8926 | D:9      | 8926 ||| FLEEEEING.
  8927 | D:9      | 8927 ||| FLEEEEING.
  8931 | D:9      | 8931 ||| FLEEEEING.
  8932 | D:9      | 8932 ||| FLEEEEING.
  8942 | D:9      | 8942 ||| INVOKING Heroism.
  8946 | D:9      | Noticed Amaemon
  8948 | D:9      | Reached skill level 6 in Armour
  8954 | D:9      | Noticed an orange demon
  8966 | D:9      | 8966 ||| INVOKING Heroism.
  8972 | D:9      | Killed Amaemon
  8977 | D:9      | Killed an orange demon
  8984 | D:9      | 8984 ||| Stepping ~*~*~tactically~*~*~ (stealth).
  8986 | D:9      | 8986 ||| FLEEEEING.
  8987 | D:9      | 8987 ||| FLEEEEING.
  8994 | D:9      | 8994 ||| FLEEEEING.
  8995 | D:9      | 8995 ||| Stepping ~*~*~tactically~*~*~ (stealth).
  8996 | D:9      | 8996 ||| FLEEEEING.
  8997 | D:9      | 8997 ||| Stepping ~*~*~tactically~*~*~ (hiding).
  8998 | D:9      | 8998 ||| Stepping ~*~*~tactically~*~*~ (hiding).
  8999 | D:9      | 8999 ||| INVOKING Heroism.
  9012 | D:9      | 9012 ||| Stepping ~*~*~tactically~*~*~ (stealth).
  9017 | D:9      | 9017 ||| INVOKING Heroism.
  9090 | D:9      | 9090 ||| INVOKING Heroism.
  9099 | D:9      | Reached skill level 9 in Shields
  9158 | D:9      | 9158 ||| FLEEEEING.
  9166 | D:9      | 9166 ||| Stepping ~*~*~tactically~*~*~ (stealth).
  9176 | D:9      | 9176 ||| FLEEEEING.
  9308 | D:9      | 9308 ||| DROPPING +0 morningstar.
  9351 | D:9      | Found a staircase to the Orcish Mines.
  9353 | D:9      | 9353 ||| Stepping ~*~*~tactically~*~*~ (hiding).
  9448 | D:9      | 9448 ||| Stepping ~*~*~tactically~*~*~ (stealth).
  9550 | D:9      | 9550 ||| Stepping ~*~*~tactically~*~*~ (stealth).
  9555 | D:9      | 9555 ||| Stepping ~*~*~tactically~*~*~ (hiding).
  9560 | D:9      | 9560 ||| Stepping ~*~*~tactically~*~*~ (hiding).
  9935 | D:9      | 9935 ||| INVOKING Heroism.
 10008 | D:9      | 10008 ||| Stepping ~*~*~tactically~*~*~ (hiding).
 10015 | D:9      | 10015 ||| INVOKING Heroism.
 10137 | D:9      | 10137 ||| READING 4 scrolls of identify.
 10137 | D:9      | 10137 ||| IDENTIFYING smoky grey potion
 10138 | D:9      | 10138 ||| DROPPING potion of berserk rage.
 10171 | D:10     | Entered Level 10 of the Dungeon
 10172 | D:10     | 10172 ||| INVOKING Heroism.
 10173 | D:10     | 10173 ||| STAIRDANCE
 10189 | D:10     | 10189 ||| STAIRDANCE
 10197 | D:10     | 10197 ||| STAIRDANCE
 10199 | D:9      | 10199 ||| INVOKING Heroism.
 10330 | D:10     | Reached skill level 10 in Axes
 10355 | D:10     | Found a hide-covered altar of Uskayaw.
 10366 | D:10     | Reached *** piety under Okawaru
 10421 | D:10     | 10421 ||| Stepping ~*~*~tactically~*~*~ (stealth).
 10423 | D:10     | 10423 ||| Stepping ~*~*~tactically~*~*~ (stealth).
 10423 | D:10     | Identified the +6 trident "Guiwoggom" {venom, rN+ Str+3
                  | Dex-4}
 10424 | D:10     | 10424 ||| Stepping ~*~*~tactically~*~*~ (stealth).
 10425 | D:10     | 10425 ||| Stepping ~*~*~tactically~*~*~ (stealth).
 10429 | D:10     | 10429 ||| Stepping ~*~*~tactically~*~*~ (stealth).
 10430 | D:10     | 10430 ||| Stepping ~*~*~tactically~*~*~ (stealth).
 10433 | D:10     | Reached XP level 11. HP: 49/67 MP: 14/14
 10437 | D:10     | 10437 ||| INVOKING Heroism.
 10600 | D:10     | Found Doew's Book Boutique.
 10685 | D:10     | 10685 ||| INVOKING Heroism.
 10712 | D:10     | 10712 ||| INVOKING Heroism.
 10766 | D:10     | 10766 ||| FLEEEEING.
 10767 | D:10     | 10767 ||| FLEEEEING.
 10768 | D:10     | 10768 ||| FLEEEEING.
 10773 | D:10     | 10773 ||| FLEEEEING.
 10774 | D:10     | 10774 ||| FLEEEEING.
 10775 | D:10     | 10775 ||| FLEEEEING.
 10776 | D:10     | 10776 ||| FLEEEEING.
 10777 | D:10     | 10777 ||| FLEEEEING.
 10778 | D:10     | 10778 ||| FLEEEEING.
 10779 | D:10     | 10779 ||| FLEEEEING.
 10780 | D:10     | 10780 ||| FLEEEEING.
 10781 | D:10     | 10781 ||| FLEEEEING.
 10782 | D:10     | 10782 ||| FLEEEEING.
 10783 | D:10     | 10783 ||| FLEEEEING.
 10784 | D:10     | 10784 ||| FLEEEEING.
 10785 | D:10     | 10785 ||| FLEEEEING.
 10786 | D:10     | 10786 ||| FLEEEEING.
 10787 | D:10     | 10787 ||| FLEEEEING.
 10788 | D:10     | 10788 ||| FLEEEEING.
 10789 | D:10     | 10789 ||| FLEEEEING.
 10790 | D:10     | 10790 ||| FLEEEEING.
 10791 | D:10     | 10791 ||| FLEEEEING.
 10792 | D:10     | 10792 ||| STAIRDANCE
 11033 | D:10     | 11033 ||| INVOKING Heroism.
 11048 | D:10     | Reached **** piety under Okawaru
 11102 | D:10     | Found an ancient bone altar of Kikubaaqudgha.
 11179 | D:10     | Reached skill level 11 in Axes
 11414 | D:10     | Found a snail-covered altar of Cheibriados.
 11445 | D:10     | Found Juckuewn's Weapon Boutique.
 11454 | D:10     | 11454 ||| BUYING +6 morningstar of protection (404 gold).
 11454 | D:10     | Bought a +6 morningstar of protection for 404 gold pieces
 11454 | D:10     | 11454 ||| DROPPING +0 demon whip of venom.
 11481 | D:10     | Noticed Maurice
 11497 | D:10     | Killed Maurice
 11566 | D:10     | Found Goaq's Weapon Emporium.
 11690 | D:10     | 11690 ||| READING 5 scrolls of identify.
 11690 | D:10     | 11690 ||| IDENTIFYING fuming clear potion
 11728 | D:11     | 11728 ||| INVOKING Heroism.
 11736 | D:11     | Reached skill level 6 in Invocations
 11736 | D:11     | Received a gift from Okawaru
 11898 | D:11     | 11898 ||| INVOKING Heroism.
 11901 | D:11     | 11901 ||| Stepping ~*~*~tactically~*~*~ (stealth).
 11914 | D:11     | 11914 ||| Stepping ~*~*~tactically~*~*~ (stealth).
 12104 | D:11     | Found a staircase to the Lair.
 12277 | D:11     | 12277 ||| Stepping ~*~*~tactically~*~*~ (stealth).
 12280 | D:11     | 12280 ||| Stepping ~*~*~tactically~*~*~ (stealth).
 12317 | D:11     | 12317 ||| Stepping ~*~*~tactically~*~*~ (stealth).
 12320 | D:11     | 12320 ||| Stepping ~*~*~tactically~*~*~ (hiding).
 12325 | D:11     | 12325 ||| INVOKING Heroism.
 12364 | D:11     | Noticed a two-headed ogre
 12366 | D:11     | 12366 ||| INVOKING Heroism.
 12371 | D:11     | Noticed a two-headed ogre
 12374 | D:11     | Killed a two-headed ogre
 12374 | D:11     | Reached ***** piety under Okawaru
 12378 | D:11     | Killed a two-headed ogre
 12378 | D:11     | Received a gift from Okawaru
 12379 | D:11     | Reached XP level 12. HP: 36/73 MP: 15/17
 12633 | D:11     | 12633 ||| Stepping ~*~*~tactically~*~*~ (stealth).
 12635 | D:11     | 12635 ||| Stepping ~*~*~tactically~*~*~ (hiding).
 12640 | D:11     | 12640 ||| INVOKING Heroism.
 12676 | D:11     | Found a runed translucent gate.
 12676 | D:11     | Found a runed translucent gate.
 12676 | D:11     | Found a runed translucent gate.
 12676 | D:11     | Found an opulent altar of Gozag.
 12677 | D:11     | Noticed a boulder beetle
 12677 | D:11     | Noticed bande's ghost (journeyman GrFi)
 12678 | D:11     | 12678 ||| Stepping ~*~*~tactically~*~*~ (stealth).
 12967 | D:11     | Noticed Erolcha
 12968 | D:11     | 12968 ||| INVOKING Heroism.
 12969 | D:11     | 12969 ||| INVOKING Finesse.
 12979 | D:11     | Killed Erolcha
 12980 | D:11     | Reached skill level 3 in Throwing
 13057 | D:11     | You fall into a shaft and drop 2 floors!
 13114 | D:13     | Noticed a boulder beetle
 13115 | D:13     | 13115 ||| INVOKING Heroism.
 13116 | D:13     | 13116 ||| INVOKING Finesse.
 13126 | D:13     | Killed a boulder beetle
 13202 | D:13     | 13202 ||| Stepping ~*~*~tactically~*~*~ (hiding).
 13244 | D:13     | 13244 ||| INVOKING Heroism.
 13314 | D:13     | 13314 ||| UPGRADING to ring of willpower.
 13473 | D:11     | 13473 ||| PLANNING LAIR
 13569 | Lair:1   | Entered Level 1 of the Lair of Beasts
 13694 | Lair:1   | 13694 ||| INVOKING Heroism.
 14103 | Lair:1   | 14103 ||| INVOKING Heroism.
 14116 | Lair:1   | Reached skill level 9 in Invocations
 14453 | Lair:1   | 14453 ||| INVOKING Heroism.
 14454 | Lair:1   | 14454 ||| INVOKING Finesse.
 14477 | Lair:1   | HP: 7/75 [oklob plant/splash of acid (21)]
 14478 | Lair:1   | 14478 ||| READING 4 scrolls of teleportation.
 14478 | Lair:1   | Killed from afar by an oklob plant

Levels and vault maps discovered:
D:1:      amcnicky_arrival_gap_in_the_tavern_cellar, layout_rooms
D:2:      layout_basic, serial_corexii_hall, corexii_hall_statues_i,
          corexii_hall_statues_t, serial_shops, shop_statue,
          hellmonk_ecumenical_altar_blasted, guppyfry_early_orc_mine
D:3:      layout_basic, lemuel_round_altar, uniq_crazy_yiuf_cottage
D:4:      gammafunk_wand_slinger, layout_basic
D:5:      layout_gridville, mainiacjoe_overflow_boulevard,
          nicolae_elyvilon_peaceful_grove, mainiacjoe_overflow_surrounded_room,
          minmay_temple_entry_waves, enter_ossuary_2, lightli_corner_chamber,
          uniq_menkaure
D:6:      layout_cave_pools, makhleb_grotto_becter, gup_sewer_entry_bubbles,
          nicolae_benzene_ring, uniq_sigmund
D:7:      layout_loops_corners, mainiacjoe_overflow_tiny_flanked
D:8:      layout_basic, st_stairs_4, roderic_serpentine_path, uniq_maggie
D:9:      layout_basic, tgw_sif, erik_orc_3, grunt_decor_mini_mirrors,
          uniq_amaemon
D:10:     layout_cross, mainiacjoe_overflow_brackets,
          mainiacjoe_overflow_small_starburst,
          lemuel_mausoleum_altar_kikubaaqudgha, serial_shops,
          nicolae_lakefront_shop, shop, shop, nrook_campfire, hex_medium,
          minmay_liquid_box, dk_vineyard_3, uniq_maurice
D:11:     layout_long_grid, erik_lair_dragon, ebering_ghost_gozag, uniq_erolcha
D:12:     layout_loops_ring, chequers_serial_rivers_micro_d
D:13:     layout_irregular_city, grunt_vaults_entry_tiered, bh_circular_ruins
Temple:   minmay_temple_bridge_abc
Lair:1:   dpeg_oklob_gauntlet, layout_regular_city, serial_bayou_shore_b,
          infiniplex_staircase_pool_2

Skill      XL: |  1  2  3  4  5  6  7  8  9 10 11 12 |
---------------+-------------------------------------+-----
Axes           | 2 3 4 5 6 7 8 10 11 | 11.0
Dodging        | 1 3 |  3.0
Fighting       | 4 5 6 7 8 |  8.5
Shields        | 5 6 8 9 10 | 10.0
Invocations    | 3 4 7 9 |  9.4
Throwing       | 1 2 4 |  4.0
Armour         | 5 6 8 |  8.0

Action                   |  1- 3 |  4- 6 |  7- 9 | 10-12 || total
-------------------------+-------+-------+-------+-------++-------
Melee: War axe           |   107 |   172 |   314 |       ||   593
       Broad axe         |       |       |       |   549 ||   549
Throw: Boomerang         |       |    29 |    68 |    43 ||   140
       Javelin           |       |       |       |    21 ||    21
Invok: Heroism           |       |       |     9 |    27 ||    36
       Finesse           |       |       |       |     3 ||     3
  Use: Scroll            |     3 |    14 |     4 |     3 ||    24
       Potion            |     1 |     2 |     2 |       ||     5
Armor: Scale mail        |    28 |       |       |       ||    28
       Chain mail        |    28 |    70 |       |       ||    98
       Ring mail         |       |    48 |    61 |       ||   109
       Plate armour      |       |       |    50 |   369 ||   419
Dodge: Dodged            |    45 |    88 |    76 |   131 ||   340
Block: Buckler           |    31 |    31 |       |       ||    62
       Kite shield       |       |    24 |   165 |   372 ||   561

Table legend:
 A = Non-vault XP
 B = Vault XP
 C = Vault XP percentage of total XP
 D = Non-vault monster count
 E = Vault monster count
 F = Vault count percentage of total count
                 A         B        C        D         E       F
            +---------+---------+-------+---------+---------+-------
      Total |   17280 |    8656 |  33.4 |     234 |      84 |  26.4
            +---------+---------+-------+---------+---------+-------
        D:1 |      31 |       0 |   0.0 |      18 |       0 |   0.0
        D:2 |     124 |      16 |  11.4 |      19 |       7 |  26.9
        D:3 |      85 |       0 |   0.0 |      16 |       0 |   0.0
        D:4 |     147 |       0 |   0.0 |      12 |       0 |   0.0
        D:5 |     371 |     172 |  31.7 |      15 |       1 |   6.2
        D:6 |    1311 |     319 |  19.6 |      27 |      10 |  27.0
        D:7 |     682 |       0 |   0.0 |      14 |       0 |   0.0
        D:8 |    1177 |     488 |  29.3 |      20 |       3 |  13.0
        D:9 |    1839 |    1849 |  50.1 |      32 |      22 |  40.7
       D:10 |    3338 |    3214 |  49.1 |      24 |      13 |  35.1
       D:11 |    2877 |    1785 |  38.3 |      22 |       5 |  18.5
       D:13 |    1806 |       0 |   0.0 |       3 |       0 |   0.0
     Lair:1 |    3492 |     572 |  14.1 |      12 |       1 |   7.7
    Ossuary |       0 |     241 | 100.0 |       0 |      22 | 100.0
            +---------+---------+-------+---------+---------+-------
